 Dungeon Crawl Stone Soup version 0.28-a0-535-g6f645e4c1d (webtiles) character file.

Game seed: 6050084454100300650

2057 heikuro the Chopper (level 9, -14/71 HPs)
             Began as a Formicid Fighter on Sept 26, 2021.
             Was an Initiate of Gozag.
             Demolished by an orc warrior (17 damage)
             ... in a bailey.
             The game lasted 00:15:29 (8709 turns).

heikuro the Chopper (Formicid Fighter)              Turns: 8709, Time: 00:15:30

Health: -14/71     AC: 12    Str: 24    XL:     9   Next: 49%
Magic:  9/9        EV:  7    Int: 11    God:    Gozag
Gold:   478        SH: 13    Dex: 10    Spells: 8/8 levels left

rFire   . . .      SeeInvis +   a - +1 war axe
rCold   . . .      Faith    .   b - +0 tower shield
rNeg    . . .      Spirit   .   o - +3 ring mail of Birdsong {rElec Int+3}
rPois   .          Reflect  .   (helmet unavailable)
rElec   +          Harm     .   (no cloak)
rCorr   .          Rampage  .   g - +0 pair of gloves
Will    .....                   t - +0 pair of boots {Fly}
Stlth   ..........              x - amulet of regeneration
HPRegen 1.21/turn               (no ring)
MPRegen 0.11/turn               (no ring)

@: flying, studying Evocations
A: permanent stasis, dig shafts and tunnels, antennae 3, four strong arms
a: Dig, Renounce Religion, Potion Petition, Call Merchant, Bribe Branch


You were in a bailey.
You worshipped Gozag.
Gozag was aware of your devotion.
You visited 1 branch of the dungeon, and saw 7 of its levels.
You also visited: Bailey.

You collected 773 gold pieces.
You spent 259 gold pieces at shops.
You paid 36 gold pieces to Gozag.

Inventory:

Hand Weapons
 a - a +1 war axe (weapon)
 A - a +0 spear
Missiles
 e - 3 curare-tipped darts
 l - 26 poisoned darts (quivered)
Armour
 b - a +0 tower shield (worn)
 g - a +0 pair of gloves (worn)
 n - a +0 scale mail of fire resistance
 o - the +3 ring mail of Birdsong (worn) {rElec Int+3}
   (You found it on level 8 of the Dungeon)

   Int:       It affects your intelligence (+3).
   rElec:     It insulates you from electricity.
 r - a +0 chain mail
 t - a +0 pair of boots of flying (worn)
Jewellery
 x - an amulet of regeneration (around neck)
Wands
 q - a wand of charming (5)
 w - a wand of flame (7)
Scrolls
 f - a scroll of vulnerability {unknown}
 j - 2 scrolls of holy word
 k - 2 scrolls of enchant weapon
 p - a scroll of noise {unknown}
 v - a scroll of fear {unknown}
 y - a scroll of magic mapping {unknown}
Potions
 c - a potion of lignification
 d - 2 potions of might
 h - 4 potions of curing
 i - a potion of ambrosia {unknown}
 m - 2 potions of resistance
 s - a potion of brilliance {unknown}
 u - a potion of haste {unknown}
 z - 2 potions of heal wounds


   Skills:
 + Level 6.4 Fighting
 * Level 7.5 Axes
 + Level 6.5 Armour
 + Level 5.6 Shields
 + Level 5.6 Evocations


You had 8 spell levels left.
You didn't know any spells.
Your spell library contained the following spells:

 Spells                   Type           Power      Damage    Failure   Level
 Ensorcelled Hibernation  Hex/Ice        0%         N/A       99%         2
 Tukima's Dance           Hex            0%         N/A       100%        3


Dungeon Overview and Level Annotations

Branches:
Dungeon (8/15)             Bailey (1/1)
 Temple: D:4-7         Lair: D:8-11

Altars:
Dithmenos
Elyvilon
Fedhas
Gozag
Ru
Trog
Yredelemnul

Shops:
D:1 [   D:2 !(!   D:4 **:[


Innate Abilities, Weirdness & Mutations

You cannot be hasted, slowed, berserked, paralysed or teleported.
You can dig through walls and to a lower floor.
You have a pair of large antennae on your head. (SInv)
Your four strong arms can wield two-handed weapons with a shield.


Message History

The orc warrior hits you from afar with a +0 glaive!
You block the orc warrior's attack. The orc warrior barely misses you.
You hit the orc warrior.
The orc warrior is moderately wounded.
The orc warrior hits you with a +0 glaive!
You hit the orc warrior.
The orc warrior is moderately wounded.
The orc warrior hits you with a +0 glaive.
You slash the orc warrior!
The orc warrior is heavily wounded.
The orc warrior hits you with a +0 glaive!
You block the orc warrior's attack.
You barely miss the orc warrior.
The orc warrior is heavily wounded.
The orc warrior hits you with a +0 glaive.
You closely miss the orc warrior.
The orc warrior is heavily wounded.
The orc warrior splashes around in the water. x2
You slash the orc warrior!
The orc warrior is almost dead.
The orc warrior hits you with a +0 glaive!
You closely miss the orc warrior.
The orc warrior is almost dead.
The orc warrior splashes around in the water.
You block the orc warrior's attack.
You hit the orc warrior but do no damage.
The orc warrior is almost dead.
The orc warrior hits you with a +0 glaive!
Your shield and ring mail of Birdsong prevent you from hitting the orc warrior.
The orc warrior is almost dead.
The orc warrior hits you with a +0 glaive!
* * * LOW HITPOINT WARNING * * *
You closely miss the orc warrior.
The orc warrior is almost dead.
The orc warrior hits you with a +0 glaive!
* * * LOW HITPOINT WARNING * * *
The orc warrior hits you with a +0 glaive!
You die...
Your body crumbles into a pile of gold.

#......≈))^..≈)≈≈≈≈≈≈≈≈≈≈≈≈≈≈≈..^
#......≈##.∩#≈≈≈≈≈≈≈≈≈≈≈≈≈≈≈≈≈#∩.
#......≈≈#.#≈≈≈≈≈≈≈≈###≈≈≈≈≈≈≈≈#.
#.)....≈≈≈≈≈≈≈≈≈≈#########≈≈≈≈≈≈≈
#......≈≈≈≈≈≈≈≈≈##≈≈≈)≈≈≈##≈≈≈≈≈≈
#......≈≈≈≈≈≈≈≈##≈≈#'#'#≈≈##≈≈≈≈≈
#......≈≈≈≈≈≈≈≈#≈≈##)#.##≈≈#≈≈≈≈≈
#......≈≈≈≈≈≈≈##≈#########)##≈≈≈≈
#......≈≈≈≈≈≈≈##@')# { #.'≈##≈≈≈≈
#......≈≈≈≈≈≈≈##o###{ {###≈##≈≈≈≈
#......≈≈≈≈≈≈≈##≈'.# { #.'≈##≈≈≈≈
#......≈≈≈≈≈≈≈##≈### ###)##≈≈≈≈
#......≈≈≈≈≈≈≈##≈≈# ##≈≈#≈≈≈≈≈
#......≈≈≈≈≈≈≈≈≈≈≈##+++#≈≈##≈≈≈≈≈
#......≈≈≈≈≈≈≈≈≈≈≈##≈≈≈≈≈##≈≈≈≈≈≈
#......≈≈≈≈≈≈≈≈≈≈≈##≈≈≈≈##≈≈≈≈≈≈≈
#......≈≈#.#≈≈≈≈≈≈#######≈≈≈≈≈≈#.


You could see an orc warrior.

Vanquished Creatures
  6 orc warriors (Bailey)
  2 black bears
  A necrophage (D:3)
  2 ogres (D:4)
  A kobold brigand (D:8)
  A phantom (D:4)
  3 bullfrogs
  2 scorpions (D:4)
  2 water moccasin skeletons (D:4)
  A killer bee (D:4)
  A centaur zombie (D:8)
  A jelly (D:8)
  3 hounds (D:5)
  A bullfrog skeleton (D:4)
  A gnoll shaman (D:3)
  An iguana (D:5)
  A howler monkey zombie (D:8)
  7 gnolls
  6 adders
  An adder skeleton (D:4)
  2 worms (D:3)
  2 dart slugs (D:1)
  18 orcs
  11 bats
  3 endoplasms
  12 goblins
  4 hobgoblins
  11 quokkas
  5 ball pythons
  2 frilled lizards
  7 kobolds
  3 rats
124 creatures vanquished.

Notes
Turn   | Place    | Note
-------+----------+-------------------------------------------
     0 | D:1      | heikuro the Formicid Fighter began the quest for the Orb.
     0 | D:1      | Reached XP level 1. HP: 18/18 MP: 1/1
   217 | D:1      | Reached XP level 2. HP: 23/24 MP: 2/2
   526 | D:1      | Reached XP level 3. HP: 29/29 MP: 3/3
   662 | D:1      | Found Kuh Qoow's Antique Armour Shop.
  1246 | D:2      | Reached skill level 3 in Axes
  1246 | D:2      | Found Zel Nier's Antique Weapon Shop.
  1313 | D:2      | Found a faded altar of an unknown god.
  1647 | D:2      | Found a basalt altar of Yredelemnul.
  1694 | D:2      | Found Ynuots's Distillery.
  1871 | D:2      | Found Emutiudd's Distillery.
  2125 | D:3      | Found a bloodstained altar of Trog.
  2278 | D:3      | Reached XP level 4. HP: 36/37 MP: 4/4
  2371 | D:3      | Found a shadowy altar of Dithmenos.
  2592 | D:3      | Found an opulent altar of Gozag.
  2603 | D:3      | Became a worshipper of Gozag Ym Sagoz the Greedy
  2677 | D:3      | Found a white marble altar of Elyvilon.
  2790 | D:3      | Noticed a necrophage
  2805 | D:3      | HP: 1/31 [necrophage (1)]
  3121 | D:3      | Killed a necrophage
  3122 | D:3      | Reached skill level 1 in Evocations
  3122 | D:3      | Reached XP level 5. HP: 18/42 MP: 5/5
  3496 | D:4      | Reached skill level 4 in Axes
  3580 | D:4      | Reached XP level 6. HP: 36/49 MP: 6/6
  3750 | D:4      | Noticed an ogre
  3756 | D:4      | Killed an ogre
  4095 | D:4      | Noticed an ogre
  4118 | D:4      | Killed an ogre
  4119 | D:4      | Reached skill level 5 in Axes
  4119 | D:4      | Reached XP level 7. HP: 26/55 MP: 7/7
  4435 | D:4      | Found Domucwe's General Store.
  4436 | D:4      | Found Qeobb's General Store.
  4436 | D:4      | Found Upargh's Armour Shop.
  4451 | D:4      | Reached skill level 5 in Fighting
  4451 | D:4      | Reached skill level 5 in Armour
  4593 | D:4      | Found Etyzesha's Book Shop.
  4620 | D:4      | Bought a potion of might for 48 gold pieces
  4628 | D:4      | Bought a +0 tower shield for 54 gold pieces
  4987 | D:4      | Reached XP level 8. HP: 42/62 MP: 8/8
  6026 | D:5      | Entered Level 5 of the Dungeon
  6041 | D:4      | Reached skill level 6 in Axes
  6322 | D:5      | Found a sacrificial altar of Ru.
  6932 | D:1      | Bought a pair of runed boots for 157 gold pieces
  7144 | D:5      | Noticed a two-headed ogre
  7221 | D:5      | You are sucked into a shaft and drop 3 floors!
  7315 | D:8      | Identified the +3 ring mail of Birdsong {rElec Int+3}
  7568 | D:7      | Identified a scroll of acquirement
  7568 | D:7      | Acquired a manual of Evocations
  7802 | D:7      | Reached XP level 9. HP: 64/69 MP: 9/9
  7802 | D:7      | Found a blossoming altar of Fedhas.
  7877 | D:7      | Found a flagged portal.
  7882 | D:7      | Reached skill level 5 in Shields
  7904 | Bailey   | Entered a bailey
  8087 | Bailey   | Reached skill level 7 in Axes
  8196 | Bailey   | Reached skill level 5 in Evocations
  8375 | Bailey   | HP: 1/69 [orc warrior/bolt (8)]
  8709 | Bailey   | HP: 3/71 [orc warrior (8)]
  8709 | Bailey   | Demolished by an orc warrior

Illustrated notes

Levels and vault maps discovered:
D:1:      kennysheep_arrival_seaside, layout_rooms, serial_shops, shop
D:2:      layout_basic, basic_ecumenical_altar, basic_altar, serial_shops, shop,
          shop, shop, kennysheep_boxes
D:3:      layout_rooms, mainiacjoe_overflow_alcove_1,
          mainiacjoe_overflow_six_doors_small,
          nicolae_dithmenos_through_a_glass_darkly, grunt_gozag_breadcrumbs
D:4:      wad_river_or_something, layout_basic, minmay_shop_grid_forest
D:5:      layout_loops_ring, mainiacjoe_overflow_alcove_2,
          nicolae_ru_awakened_eye
D:7:      layout_loops_corners, marbit_many_paths,
          minmay_temple_entry_nine_rooms, enter_bailey_7, dk_noncrumbling_4,
          hangedman_decor_clover_reticule
D:8:      layout_cave_pools, nicolae_specific_store
Bailey:   bailey_polearm_2, bailey

Skill      XL: |  1  2  3  4  5  6  7  8  9 |
---------------+----------------------------+-----
Axes           | 3 4 5 6 7 |  7.5
Fighting       | 4 5 6 |  6.4
Armour         | 4 5 6 |  6.5
Evocations     | 1 2 3 4 5 |  5.6
Shields        | 4 5 |  5.6

Action                   |  1- 3 |  4- 6 |  7- 9 || total
-------------------------+-------+-------+-------++-------
Melee: War axe           |   114 |   104 |   268 ||   486
       Spear             |       |       |     9 ||     9
Throw: Dart              |       |       |    50 ||    50
 Abil: Dig               |     1 |     1 |     2 ||     4
Evoke: Wand              |       |     3 |       ||     3
  Use: Scroll            |       |     3 |     8 ||    11
       Potion            |       |     2 |       ||     2
Armor: Scale mail        |    59 |    53 |    34 ||   146
       Chain mail        |       |       |    84 ||    84
       Ring mail         |       |       |    70 ||    70
Dodge: Dodged            |    59 |    73 |    94 ||   226
Block: Buckler           |    21 |    28 |     9 ||    58
       Tower shield      |       |       |   264 ||   264

Table legend: (Time is in decaauts)
 A = Elapsed time spent in this place.
 B = Non-inter-level travel time spent in this place.
 C = Inter-level travel time spent in this place.
 D = Time resting spent in this place.
 E = Time spent auto-exploring this place.
 F = Levels seen in this place.
 G = Mean time per level.
                   A        B        C        D        E       F      G
               +--------+--------+--------+--------+--------+-----+--------+
         Total |   8954 |   8505 |    449 |   2274 |   3534 |   8 | 1119.2 |
       Dungeon |   8093 |   7644 |    449 |   2112 |   3483 |   7 | 1156.1 |
        Bailey |    860 |    860 |      0 |    162 |     51 |   1 |  860.0 |
               +--------+--------+--------+--------+--------+-----+--------+

Top non-repeatable levels by time:
     D:4: 2776 daAuts
     D:2: 1300 daAuts
     D:1: 1297 daAuts
     D:3: 1295 daAuts
  Bailey: 860 daAuts
     D:5: 712 daAuts
     D:7: 361 daAuts
     D:8: 349 daAuts
